 Dungeon Crawl Stone Soup version 0.28-a0-828-g0121872642 (webtiles) character file.

Game seed: 3988375017989708882

105 bande the Shield-Bearer (level 4, -2/26 HPs)
             Began as a Gargoyle Fighter on Nov 11, 2021.
             Slain by an orc (6 damage)
             ... on level 3 of the Dungeon.
             The game lasted 00:03:15 (3015 turns).

bande the Shield-Bearer (Gargoyle Fighter)          Turns: 3015, Time: 00:03:15

Health: -2/26      AC: 14    Str: 20    XL:     4   Next: 81%
Magic:  4/4        EV:  7    Int: 11    God:
Gold:   123        SH:  4    Dex:  9    Spells: 3/3 levels left

rFire   + . .      SeeInvis .   a - +0 war axe
rCold   + . .      Faith    .   c - +0 buckler
rNeg    + . .      Spirit   .   f - +0 chain mail
rPois   ∞          Reflect  .   (no helmet)
rElec   +          Harm     .   b - scarf {rC+ rF+}
rCorr   .          Rampage  .   (no gloves)
Will    +....                   i - +0 pair of boots
Stlth   ..........              (no amulet)
HPRegen 0.08/turn               (no ring)
MPRegen 0.09/turn               (no ring)

@: no status effects
A: sickness immunity, AC +3, negative energy resistance 1, electricity
resistance, torment resistance 1, petrification resistance, clever 1, frail 1,
strong-willed 1, screaming 1
a: no special abilities


You were on level 3 of the Dungeon.
You visited 1 branch of the dungeon, and saw 3 of its levels.

You collected 123 gold pieces.

Inventory:

Hand Weapons
 a - a +0 war axe (weapon)
Armour
 b - a scarf of resistance (worn)
 c - a +0 buckler (worn)
 f - a +0 chain mail (worn)
 i - a +0 pair of boots (worn)
 k - a +0 hat
Jewellery
 g - a ring of ice
Scrolls
 h - 2 scrolls of identify
Potions
 d - a potion of might
 e - 2 potions of curing
 j - a potion of cancellation {unknown}


   Skills:
 + Level 3.9 Fighting
 + Level 3.1 Axes
 + Level 3.8 Armour
 + Level 3.9 Shields


You had 3 spell levels left.
You didn't know any spells.
Your spell library contained the following spells:

 Spells                   Type           Power      Damage    Failure   Level
 Ensorcelled Hibernation  Hex/Ice        0%         N/A       99%         2
 Spider Form              Tmut/Pois      0%         N/A       100%        3
 Dispersal                Tloc           0%         N/A       100%        6
 Disjunction              Tloc           0%         N/A       100%        8


Dungeon Overview and Level Annotations

Branches:
Dungeon (3/15)

Altars:


Innate Abilities, Weirdness & Mutations

You are immune to sickness and miasma.
Your stone body is resilient. (AC +3)
You are immune to poison.
You resist negative energy. (rN+)
You are resistant to electric shocks. (rElec)
You are resistant to unholy torment.
You are immune to petrification.
Your mind is acute. (Int +2)
You are frail. (-10% HP)
You are strong-willed. (Will+)
You occasionally shout uncontrollably at your foes.


Message History

The orc is severely wounded.
The orc hits you but does no damage.
The orc wizard gestures at you while chanting.
You resist with almost no effort.
You hit the orc but do no damage.
The orc is severely wounded.
You hit the orc but do no damage. You block the orc's attack.
The orc closely misses you.
The orc wizard hits you but does no damage.
The orc hits you but does no damage.
You barely miss the orc.
The orc is severely wounded.
You barely miss the orc.
You hit the orc wizard but do no damage.
The orc barely misses you. The orc hits you with a +0 mace.
The orc wizard completely misses you. The orc hits you with a +0 flail.
You hit the orc but do no damage.
The orc is severely wounded.
You barely miss the orc.
You hit the orc wizard but do no damage.
The orc hits you but does no damage. You block the orc wizard's attack.
The orc hits you with a +0 flail! The orc hits you but does no damage.
The orc wizard hits you with a +0 dagger.
You slash the orc wizard!
The orc wizard is almost dead.
You slash the orc!
You kill the orc!
You hit the orc but do no damage. The orc hits you with a +0 flail.
* * * LOW HITPOINT WARNING * * *
The orc wizard barely misses you. You block the orc's attack.
You closely miss the orc wizard.
The orc wizard is almost dead.
You barely miss the orc.
The orc wizard hits you but does no damage.
The orc hits you but does no damage.
Unknown command.
You slash the orc wizard!
You kill the orc wizard!
You hit the orc. The orc hits you with a +0 flail.
You die...

#. ..# #.#.# #..# ## #
#.#.####..### ..#
#.#.#.........##+#..#
.#.#.#...............#
.....................#
#####.........###?....##
....>...................
###..)@.......)........
#..)o.....†###.....##
#..........###.....#
............##.....##.
..............##.....##.
......######>###........
.#.... ........#....
..... #.#####.#.### .#
..#.#


You could see an orc.

Vanquished Creatures
  An orc priest (D:3)
  An orc wizard (D:3)
  An adder (D:2)
  A worm (D:2)
  A dart slug (D:1)
  4 orcs (D:3)
  5 ball pythons
  6 endoplasms
  3 giant cockroaches
  4 goblins
  5 hobgoblins
  3 jackals (D:2)
  7 kobolds
  A quokka (D:3)
  3 bats
  4 frilled lizards
  2 rats (D:1)
52 creatures vanquished.

Vanquished Creatures (others)
  5 toadstools (D:1)
5 creatures vanquished.

Grand Total: 57 creatures vanquished

Notes
Turn   | Place    | Note
-------+----------+-------------------------------------------
     0 | D:1      | bande the Gargoyle Fighter began the quest for the Orb.
     0 | D:1      | Reached XP level 1. HP: 14/14 MP: 1/1
   492 | D:1      | Reached XP level 2. HP: 19/19 MP: 2/2
   807 | D:1      | Reached XP level 3. HP: 19/23 MP: 3/3
  1269 | D:2      | Gained mutation: You are strong-willed. (Will+) [potion of
                  | mutation]
  1269 | D:2      | Gained mutation: You occasionally shout uncontrollably at
                  | your foes. [potion of mutation]
  1269 | D:2      | Gained mutation: You are frail. (-10% HP) [potion of
                  | mutation]
  1269 | D:2      | Gained mutation: Your mind is acute. (Int +2) [potion of
                  | mutation]
  2148 | D:2      | Reached XP level 4. HP: 26/26 MP: 4/4
  2457 | D:3      | Found a faded altar of an unknown god.
  3015 | D:3      | Slain by an orc

Illustrated notes

Levels and vault maps discovered:
D:1:      ldierk_walled_garden, layout_basic
D:2:      layout_loops_cross, minmay_pentomino_v4
D:3:      minmay_skewed_foursquare, layout_basic,
          gammafunk_temple_overflow_elements, ebering_ecumenical_altar_webs,
          kennysheep_nondescript, nrook_mini_vaults, kennysheep_cluttered_room,
          minmay_misc_feat_rows, kennysheep_generic_room_2

Skill      XL: |  1  2  3  4 |
---------------+-------------+-----
Axes           | 2 3 |  3.1
Fighting       | |  3.9
Armour         | |  3.8
Shields        | |  3.9

Action                   |  1- 3 |  4- 6 || total
-------------------------+-------+-------++-------
Melee: War axe           |   149 |    45 ||   194
  Use: Scroll            |     1 |     1 ||     2
       Potion            |     1 |       ||     1
Armor: Scale mail        |    13 |       ||    13
       Chain mail        |   100 |    28 ||   128
Dodge: Dodged            |    67 |    14 ||    81
Block: Buckler           |    35 |     9 ||    44

Table legend: (Time is in decaauts)
 A = Elapsed time spent in this place.
 B = Non-inter-level travel time spent in this place.
 C = Inter-level travel time spent in this place.
 D = Time resting spent in this place.
 E = Time spent auto-exploring this place.
 F = Levels seen in this place.
 G = Mean time per level.
                   A        B        C        D        E       F      G
               +--------+--------+--------+--------+--------+-----+--------+
         Total |   3089 |   3054 |     35 |    640 |   1856 |   3 | 1029.7 |
       Dungeon |   3089 |   3054 |     35 |    640 |   1856 |   3 | 1029.7 |
               +--------+--------+--------+--------+--------+-----+--------+

Top non-repeatable levels by time:
     D:1: 1292 daAuts
     D:2: 1127 daAuts
     D:3: 669 daAuts
